 Dungeon Crawl Stone Soup version 0.30-a0-939-gc8157cb160 (console) character file.

Game seed: 9942711407959700810

61694 utis the Destroyer (level 15, -2/95 HPs)
             Began as a Tengu Wanderer on Mar 22, 2023.
             Slain by a red ugly thing (13 damage)
             ... on level 12 of the Dungeon on Mar 26, 2023.
             The game lasted 02:00:52 (34305 turns).

utis the Destroyer (Tengu Wanderer)                Turns: 34305, Time: 02:00:53

Health: -2/95      AC: 18    Str: 13    XL:     15   Next: 3%
Magic:  14/23      EV: 17    Int: 23    God:
Gold:   2371       SH:  0    Dex: 16    Spells: 11/24 levels left

rFire   . . .      SeeInvis .    a - +1 short sword (drain)
rCold   . . .      Faith    .    (no shield)
rNeg    . . .      Spirit   .    D - +4 chain mail
rPois   .          Reflect  .    (helmet restricted)
rElec   .          Rampage  .    (no cloak)
rCorr   .                        t - +1 pair of gloves
Will    +....                    (boots unavailable) Stlth
                                 g - amulet of regeneration {@e1}
HPRegen 1.15/turn                I - +6 ring of intelligence
MPRegen 0.18/turn                E - +5 ring of evasion

@: about to teleport, flying quickly and evasively, studying Fire Magic, quick
A: beak, talons 3, nimble flight
a: no special abilities


You were on level 12 of the Dungeon.
You visited 3 branches of the dungeon, and saw 20 of its levels.

You collected 2762 gold pieces.
You spent 391 gold pieces at shops.

Inventory:

Hand Weapons
 a - a +1 short sword of draining (weapon)
 b - a +4 great sword of holy wrath
 M - a +1 great sword of freezing
 Z - a +0 dagger of electrocution
Missiles
 w - 27 poisoned darts
 x - 3 silver boomerangs
 A - 2 throwing nets {=f}
 O - 35 boomerangs
Armour
 e - a +0 robe
 t - a +1 pair of gloves (worn)
 z - +0 acid dragon scales
 D - a +4 chain mail (worn)
 Y - a +0 ring mail
Magical Staves
 p - a staff of air
Jewellery
 c - a ring of protection from cold
 g - an amulet of regeneration (around neck) {@e1}
 n - a ring of positive energy
 C - a ring of protection from cold
 E - a +5 ring of evasion (right hand)
 F - a ring of protection from fire
 I - a +6 ring of intelligence (left hand)
 N - a ring of positive energy
 S - a +6 ring of strength
 W - a ring of magical power
 X - a +6 ring of dexterity
Wands
 k - a wand of polymorph (5)
 q - a wand of roots (33)
 y - a wand of acid (4)
 B - a wand of flame (20)
 V - a wand of charming (7)
Scrolls
 f - 5 scrolls of identify {@r1}
 h - 3 scrolls of enchant weapon
 i - 3 scrolls of poison
 j - 2 scrolls of immolation
 r - 2 scrolls of vulnerability
 s - 2 scrolls of fear
 u - 4 scrolls of enchant armour
 J - 4 scrolls of teleportation {@r4}
 L - 4 scrolls of fog
 P - a scroll of butterflies {unknown}
 R - 2 scrolls of amnesia
Potions
 d - a potion of haste {@q3}
 l - 3 potions of brilliance
 m - 4 potions of attraction
 v - 2 potions of resistance
 G - 2 potions of berserk rage {!q}
 H - 2 potions of cancellation
 T - 3 potions of heal wounds {@q2}
 U - 4 potions of magic
Miscellaneous
 o - a piece from Xom's chessboard (15/15)
 Q - a tin of tremorstones (2/2)


   Skills:
 + Level 11.3 Fighting
 - Level 2.0(8.2) Short Blades
 * Level 12.4(12.5) Long Blades
 - Level 2.1 Polearms
 - Level 1.0 Throwing
 + Level 10.4 Armour
 + Level 11.3 Dodging
 - Level 5.0 Spellcasting
 - Level 14.0 Conjurations
 * Level 10.7 Fire Magic
 - Level 5.0 Evocations


You had 11 spell levels left.
You knew the following spells:

 Your Spells              Type           Power      Damage    Failure   Level
a - Apportation           Tloc           10%        N/A       83%         1
f - Fireball              Conj/Fire      29%        3d13      26%         5
y - Sticky Flame          Conj/Fire      58%        2d7       10%         4
X - Scorch                Fire           100%       2d10      3%          2
Y - Foxfire               Conj/Fire      100%       2x1d9     1%          1

Your spell library contained the following spells:

 Spells                   Type           Power      Damage    Failure   Level
 Kiss of Death            Conj/Necr      100%       2d13      9%          1
 Dazzling Flash           Conj/Hex       74%        N/A       26%         3
 Stone Arrow              Conj/Erth      74%        3d11      26%         3
 Inner Flame              Hex/Fire       30%        N/A       45%         3
 Beastly Appendage        Tmut           10%        N/A       83%         1
 Necrotise                Necr           20%        1d5       83%         1
 Sandblast                Erth           10%        2d5       83%         1
 Slow                     Hex            20%        N/A       83%         1
 Summon Small Mammal      Summ           20%        N/A       83%         1
 Ensorcelled Hibernation  Hex/Ice        10%        N/A       93%         2
 Lesser Beckoning         Tloc           10%        N/A       93%         2
 Passwall                 Tmut/Erth      4%         N/A       93%         2
 Sublimation of Blood     Necr           5%         N/A       93%         2
 Wereblood                Tmut           5%         N/A       93%         2
 Confusing Touch          Hex            5%         N/A       99%         3
 Gell's Gravitas          Tloc           5%         N/A       99%         3
 Ozocubu's Armour         Ice            5%         N/A       99%         3
 Spider Form              Tmut/Pois      5%         N/A       99%         3
 Swiftness                Air            5%         N/A       99%         3
 Teleport Other           Tloc           5%         N/A       99%         3
 Vampiric Draining        Necr           5%         2d6       99%         3
 Plasma Beam              Fire/Air       15%        2x1d29    99%         5
 Cause Fear               Hex            2%         N/A       100%        4
 Agony                    Necr           5%         N/A       100%        5
 Silence                  Hex/Air        2%         N/A       100%        5
 Dispersal                Tloc           2%         N/A       100%        6
 Ozocubu's Refrigeration  Ice            2%         4d8       100%        7
 Discord                  Hex            2%         N/A       100%        8


Dungeon Overview and Level Annotations

Branches:
Dungeon (13/15)            Temple (0/1) D:5            Lair (5/5) D:10
  Swamp (0/4) Lair:2       Spider (0/4) Lair:2        Slime (0/5) Lair:5
    Orc (2/2) D:10            Elf (0/3) Orc:2
 Vaults: D:13-14

Altars:
Cheibriados
Fedhas
Gozag
Makhleb
Ru
Trog
Uskayaw
Vehumet
Wu Jian
Jiyva

Shops:
D:2 ([*   D:10 *   D:11 *   D:12 (   Orc:2 [[=(

Annotations:
D:12 Fannar
Lair:5 exclusion: 2 oklob plants


Innate Abilities, Weirdness & Mutations

You have a beak for a mouth.
You have claws for feet.
Your magical nature lets you fly swiftly and evasively.


Message History

The red ugly thing is heavily wounded.
The red ugly thing is no longer more vulnerable to fire.
The red ugly thing engulfs you but does no damage.
You closely miss the red ugly thing. You peck the red ugly thing.
The red ugly thing is heavily wounded.
You hit the red ugly thing but do no damage.
The red ugly thing is heavily wounded.
The red ugly thing engulfs you.
You are engulfed in flames!
You hit the red ugly thing. You claw the red ugly thing.
Your peck misses the red ugly thing.
The red ugly thing is heavily wounded.
You closely miss the red ugly thing. You peck the red ugly thing.
The red ugly thing is heavily wounded.
The red ugly thing engulfs you.
* * * LOW HITPOINT WARNING * * *
You are engulfed in flames!!
* * * LOW HITPOINT WARNING * * *
Unknown command.
The red ugly thing attacks as you move away!
The red ugly thing barely misses you.
Fannar brushes some snowflakes from their robe.
There is an open door here.
The red ugly thing attacks as you move away!
The red ugly thing engulfs you but does no damage.
The red ugly thing attacks as you move away!
The red ugly thing closely misses you.
Fannar brushes some snowflakes from their robe.
The red ugly thing attacks as you move away!
The red ugly thing engulfs you.
* * * LOW HITPOINT WARNING * * *
You are engulfed in flames!!
* * * LOW HITPOINT WARNING * * *
As you read the scroll of teleportation {@r4}, it crumbles to dust.
You feel strangely unstable. The red ugly thing closely misses you.
Fannar gestures wildly while chanting.
The red ugly thing attacks as you move away!
The red ugly thing engulfs you!
* * * LOW HITPOINT WARNING * * *
You are engulfed in flames!
You die...

░ ░░░░░░░.░░
░░░'░░░░░░░
░░░░........░
░.........░ u...░
░...........░
░.........░ ....
░░.<......░
░...<.....+ ...
░........░░░.........░
..
░........░.+.........░
.
░..........░.........░
░........░░░.........░
░░░░░░░Q░░ ░░░░░+░░░░░
░░░ ░░░░...u.░ ..░
░.Y.e.░░░░ ..░
░░░.....░ ..░
░░.'.....░ ..░
░░..░.....░
..░░░..░░.....░
......░░░.....░
..░░░░░ ░.....░


You could see Fannar, a red ugly thing (drained) and an ice beast (summoned).

Vanquished Creatures
  An orc warlord (D:10)
  The ghost of Felumuvi the Warrior, a journeyman OpSu of Gozag (Lair:4)
  An ettin (D:10)
  Erolcha (D:9)
  3 catoblepae (Lair:5)
  A centaur warrior (D:13)
  2 two-headed ogres
  2 boulder beetles (D:11)
  3 orc high priests
  13 death yaks
  A skyshark (Lair:2)
  2 orc knights (Orc:1)
  A lindwurm (Lair:2)
  Pikel (D:8)
  A deep elf pyromancer (D:12)
  7 orc sorcerers
  A cyclops (D:11)
  3 manticores
  4 elephants (Lair:5)
  3 black mambas
  A torpor snail (Lair:4)
  10 cane toads
  A smoke demon (D:10)
  A gargoyle (D:10)
  Maggie (Lair:2)
  2 kobold demonologists
  An unseen horror (D:11)
  4 rime drakes
  6 komodo dragons
  5 trolls
  2 polar bears (Lair:4)
  16 blink frogs
  7 dream sheep (Lair:3)
  A culicivora (Lair:2)
  4 shadows
  A wraith (D:10)
  62 yaks
  5 wyverns
  4 basilisks
  3 redbacks (Lair:2)
  2 steam dragons
  4 vampire mosquitoes (D:10)
  2 wargs
  4 acid dragons
  10 water moccasins
  35 orc warriors
  A floating eye (Orc:2)
  A swamp drake (D:10)
  A black bear (Lair:1)
  6 ogres
  2 centaurs
  7 wolves
  3 lemures (D:8)
  2 kobold brigands
  8 bullfrogs
  A scorpion (D:4)
  7 wights
  13 killer bees
  A howler monkey (D:8)
  A hound (D:6)
  32 orc priests
  3 jellies
  2 sleepcaps
  6 iguanas
  37 orc wizards
  A mummy (D:5)
  4 gnolls (Orc:2)
  7 adders
  2 white imps
  An ufetubus (D:6)
  A worm (D:3)
  A dart slug (D:4)
  70 orcs
  9 endoplasms
  3 giant cockroaches
  7 hobgoblins
  2 jackals (D:1)
  17 kobolds
  4 quokkas
  8 ball pythons
  A bat (D:3)
  8 goblins
  4 rats
530 creatures vanquished.

Vanquished Creatures (others)
  An orc (Orc:2)
  2 bushes (Lair:5)
  548 foxfires
  40 fungi
  59 plants
650 creatures vanquished.

Grand Total: 1180 creatures vanquished

Notes
Turn   | Place    | Note
-------+----------+-------------------------------------------
     0 | D:1      | utis the Tengu Wanderer began the quest for the Orb.
     0 | D:1      | utis set off with the following items: a +0 spear, 6
                  | boomerangs, a +0 dagger, a scroll of blinking, a +0 robe;
                  | and the following spell memorised: Foxfire; and the
                  | following spells available to memorise: Inner Flame, Sticky
                  | Flame.
     0 | D:1      | Reached XP level 1. HP: 12/12 MP: 3/3
   171 | D:1      | Reached skill level 1 in Conjurations
   171 | D:1      | Reached XP level 2. HP: 17/17 MP: 1/4
  1263 | D:2      | Found Entoig Ajat's Antique Armour Emporium.
  1265 | D:2      | Found Sucoamu's Antique Weapon Shop.
  1304 | D:2      | Reached skill level 2 in Conjurations
  1304 | D:2      | Reached XP level 3. HP: 13/21 MP: 1/5
  1892 | D:2      | Found Xaustruu's Assorted Antiques.
  2542 | D:3      | Found a hide-covered altar of Uskayaw.
  2634 | D:3      | Reached XP level 4. HP: 26/26 MP: 4/6
  2748 | D:3      | Found a faded altar of an unknown god.
  2751 | D:3      | Found an ornate altar of the Wu Jian Council.
  3247 | D:3      | Identified the +1 plate armour of Yredelemnul's Reproof
                  | {Harm rElec Dex-4}
  3422 | D:3      | Learned a level 4 spell: Sticky Flame
  3515 | D:4      | Reached skill level 3 in Conjurations
  3736 | D:4      | Noticed a scorpion
  3742 | D:4      | Killed a scorpion
  3743 | D:4      | Gained mutation: Your magical nature lets you fly swiftly
                  | and evasively. [Tengu growth]
  3743 | D:4      | Reached XP level 5. HP: 31/31 MP: 0/8
  4051 | D:4      | Reached XP level 6. HP: 36/36 MP: 4/9
  4557 | D:5      | Entered Level 5 of the Dungeon
  4655 | D:5      | Reached skill level 1 in Short Blades
  4695 | D:5      | Found a bloodstained altar of Trog.
  5158 | D:5      | Found a staircase to the Ecumenical Temple.
  5172 | D:5      | Reached skill level 4 in Conjurations
  5172 | D:5      | Reached XP level 7. HP: 41/41 MP: 5/12
  5570 | D:5      | Found a snail-covered altar of Cheibriados.
  5582 | D:5      | Reached skill level 5 in Fire Magic
  6028 | D:6      | Found a radiant altar of Vehumet.
  6697 | D:6      | Reached skill level 5 in Conjurations
  6697 | D:6      | Reached XP level 8. HP: 48/48 MP: 6/13
  7665 | D:7      | Reached skill level 5 in Dodging
  7853 | D:7      | Reached skill level 6 in Conjurations
  8477 | D:7      | HP: 2/42 [something (1)]
  9166 | D:8      | Reached skill level 5 in Fighting
  9419 | D:8      | Reached XP level 9. HP: 48/52 MP: 12/14
  9901 | D:8      | Noticed Pikel
  9925 | D:8      | Killed Pikel
  9926 | D:8      | Reached skill level 7 in Conjurations
 10086 | D:9      | Found a blossoming altar of Fedhas.
 10556 | D:9      | Found a sacrificial altar of Ru.
 10573 | D:9      | Noticed Erolcha
 10574 | D:9      | Upgraded the game from 0.30-a0-924-g0ad0bf95bc to
                  | 0.30-a0-930-gb9d0489357
 11124 | D:8      | Reached skill level 8 in Conjurations
 11326 | D:8      | Upgraded the game from 0.30-a0-930-gb9d0489357 to
                  | 0.30-a0-939-gc8157cb160
 11400 | D:8      | Reached skill level 1 in Armour
 11691 | D:9      | Reached XP level 10. HP: 61/61 MP: 15/15
 11858 | D:9      | Reached skill level 9 in Conjurations
 11945 | D:10     | Entered Level 10 of the Dungeon
 11945 | D:10     | Noticed a two-headed ogre
 11950 | D:10     | Killed a two-headed ogre
 12034 | D:10     | Noticed a gargoyle
 12045 | D:10     | Killed a gargoyle
 12097 | D:10     | Found a staircase to the Orcish Mines.
 12303 | D:9      | Killed Erolcha
 12304 | D:9      | Reached skill level 10 in Conjurations
 12824 | D:9      | Reached skill level 5 in Armour
 13419 | D:10     | Found Xufunukh's Assorted Antiques.
 13428 | D:10     | Bought a scroll of identify for 58 gold pieces
 13428 | D:10     | Bought a scroll of identify for 58 gold pieces
 13693 | D:10     | Noticed a smoke demon
 13742 | D:10     | Killed a smoke demon
 13743 | D:10     | Reached XP level 11. HP: 68/68 MP: 11/17
 13803 | D:10     | Found a burning altar of Makhleb.
 14259 | D:10     | Bought a runed great sword for 275 gold pieces
 14583 | D:10     | Reached skill level 1 in Long Blades
 14583 | D:10     | Reached skill level 5 in Spellcasting
 14965 | D:10     | Found a staircase to the Lair.
 15059 | Lair:1   | Entered Level 1 of the Lair of Beasts
 16663 | Lair:1   | Reached skill level 11 in Conjurations
 17179 | Lair:2   | Noticed a lindwurm
 17530 | Lair:2   | Killed a lindwurm
 17531 | Lair:2   | Reached skill level 10 in Fire Magic
 17682 | Lair:2   | Reached skill level 5 in Long Blades
 17791 | Lair:2   | Reached XP level 12. HP: 72/75 MP: 14/20
 17839 | Lair:2   | Found a staircase to the Swamp.
 17918 | Lair:2   | Noticed Maggie
 17937 | Lair:2   | Killed Maggie
 18606 | Lair:2   | Found a hole to the Spider Nest.
 18643 | Lair:2   | Found an opulent altar of Gozag.
 18968 | Lair:2   | Noticed a skyshark
 18980 | Lair:2   | Killed a skyshark
 19548 | Lair:2   | Reached skill level 1 in Evocations
 19549 | Lair:2   | Reached skill level 12 in Conjurations
 20201 | Lair:3   | Reached skill level 5 in Evocations
 20669 | Lair:4   | Found a transporter.
 20670 | Lair:4   | Noticed Felumuvi's ghost (journeyman OpSu)
 20671 | Lair:4   | Found a transporter.
 20923 | Lair:4   | Noticed a death yak
 21233 | Lair:4   | Noticed a death yak
 21267 | Lair:4   | Killed a death yak
 21487 | Lair:4   | Noticed a death yak
 21523 | Lair:4   | Killed a death yak
 21937 | Lair:4   | Killed a death yak
 21938 | Lair:4   | Reached XP level 13. HP: 54/80 MP: 13/21
 22035 | Lair:4   | Found a transporter.
 22054 | Lair:4   | Found a transporter.
 22476 | Lair:5   | Entered Level 5 of the Lair of Beasts
 22588 | Lair:5   | Found a viscous altar of Jiyva.
 22588 | Lair:5   | Found a staircase to the Slime Pits.
 23048 | Lair:5   | Found a gate leading to a gauntlet.
 23879 | Lair:5   | Reached skill level 13 in Conjurations
 23936 | Lair:5   | Reached skill level 10 in Fighting
 24837 | Lair:5   | Reached skill level 10 in Long Blades
 25073 | Lair:5   | Reached skill level 10 in Dodging
 25073 | Lair:5   | Reached XP level 14. HP: 69/88 MP: 18/22
 25902 | Orc:1    | Entered Level 1 of the Orcish Mines
 26981 | Orc:1    | Noticed an orc warlord
 27120 | D:10     | Killed an orc warlord
 28799 | Orc:2    | Entered Level 2 of the Orcish Mines
 28868 | Orc:2    | Reached skill level 14 in Conjurations
 29417 | Orc:1    | Paralysed by an orc sorcerer for 3 turns
 29901 | Orc:2    | Paralysed by an orc sorcerer for 3 turns
 30717 | Orc:2    | Found a staircase to the Elven Halls.
 30891 | Orc:2    | Noticed Nessos
 30892 | Orc:2    | Nessos changed into Nessos the floating eye
 30892 | Orc:2    | Noticed Nessos
 30900 | Orc:2    | Killed Nessos the floating eye
 31006 | Orc:2    | Found Upyukad's Antique Armour Shoppe.
 31006 | Orc:2    | Found Ymiasienn's Antique Armour Shoppe.
 31007 | Orc:2    | Found Qunt's Antique Weapon Emporium.
 31011 | Orc:2    | Found Pewe's Jewellery Emporium.
 31061 | Orc:2    | Reached skill level 10 in Armour
 32150 | Lair:4   | Learned a level 1 spell: Apportation
 32306 | Lair:4   | Killed Felumuvi's ghost
 33143 | D:11     | Found Zuadoseh's Assorted Antiques.
 33223 | D:11     | You are sucked into a shaft and drop 1 floor!
 33224 | D:12     | Noticed Fannar
 33685 | D:12     | Reached XP level 15. HP: 68/95 MP: 14/23
 33902 | D:12     | Found Oghefel's Antique Weapon Shoppe.
 34169 | D:11     | Identified a scroll of acquirement
 34170 | D:11     | Acquired the Catalogue of Grim Pyromania
 34180 | D:11     | Learned a level 5 spell: Fireball
 34183 | D:11     | Learned a level 2 spell: Scorch
 34305 | D:12     | Slain by a red ugly thing

Illustrated notes

Levels and vault maps discovered:
D:1:      dpeg_arrival_pits, layout_basic
D:2:      layout_basic, serial_shops, shop, nicolae_shop_waterfront,
          nicolae_shop_behind_doors, serial_glass, glass_columns_a,
          glass_columns_a
D:3:      layout_loops_ring, overflow_temple_1_default,
          nicolae_overflow_ecumenical_swirl
D:4:      layout_cave_pools, minmay_box_of_dots
D:5:      layout_gridville, trog_three_pillars_becter, slow_altar_1,
          minmay_temple_entry_overgrown, hex_tiny
D:6:      layout_cave_pods, vehumet_altar_wand_db
D:7:      layout_loops_ring
D:8:      layout_basic, nicolae_titane, uniq_pikel
D:9:      layout_roguey, fedhas_altar_3, hangedman_ru_absence, uniq_erolcha
D:10:     layout_rooms, demons_altar, erik_lair_dragon, david_orc_2,
          serial_shops, nicolae_shop_waterfront
D:11:     hangedman_cross_stitches, layout_rooms, serial_shops, shop
D:12:     layout_roguey, serial_shops, nicolae_shop_advertising_works
          [nicolae_subvault_shop_adworks], nicolae_tso_swordbearing_angel,
          uniq_sonja, uniq_fannar
D:13:     layout_irregular_city, david_vaults_1
Lair:1:   layout_chaotic_city
Lair:2:   layout_cave_pods, swamp_mist, nicolae_spider_entry_tight_spaces,
          basic_altar, nicolae_lair_lil_pond, lemuel_fruit_tree, uniq_maggie
Lair:3:   layout_hall_layers, serial_forest, infiniplex_forest_lined_3,
          infiniplex_forest_lined_ring, infiniplex_forest_zigzag_1,
          infiniplex_forest_lined_corner, infiniplex_forest_corner_2,
          infiniplex_forest_clump_large, grunt_megastairs_1,
          serial_bayou_shore_b
Lair:4:   layout_roguey, gammafunk_ghost_arena, beast_lair_carwin_3,
          infiniplex_staircase_pool_2
Lair:5:   evilmike_catoblepas_cave, layout_loops_ring, slime_entry_1,
          gauntlet_entry_generic, dpeg_oklob_1
Orc:1:    orc_temple, layout_caves, minmay_orc_temple_b
Orc:2:    st_orc_mages, layout_caves, uniq_nessos

Skill      XL: |  1  2  3  4  5  6  7  8  9 10 11 12 13 14 |
---------------+-------------------------------------------+-----
Conjurations   | 1 2 3 4 5 6 8 10 11 12 13 14 | 14.0
Dodging        | 2 3 4 5 6 7 8 10 11 | 11.3
Fire Magic     | 4 5 6 8 9 10 | 10.7
Spellcasting   | 2 3 5 |  5.0
Short Blades   | 2 |  2.0
Fighting       | 3 5 6 7 8 9 10 11 | 11.3
Armour         | 2 5 6 7 9 10 | 10.4
Long Blades    | 5 7 10 12 | 12.4
Evocations     | 5 |  5.0
Polearms       | |  2.1
Throwing       | |  1.0

Action                     |  1- 3 |  4- 6 |  7- 9 | 10-12 | 13-15 || total
---------------------------+-------+-------+-------+-------+-------++-------
  Melee: Spear             |    28 |     8 |    33 |       |       ||    69
         Kick              |     7 |     1 |    61 |   191 |   465 ||   725
         Peck              |     2 |     3 |    35 |   142 |   282 ||   464
         Dagger            |       |    10 |   149 |    78 |       ||   237
         Punch             |       |       |     4 |    10 |     8 ||    22
         Long sword        |       |       |     5 |    58 |       ||    63
         Short sword       |       |       |       |   325 |   941 ||  1266
         Great sword       |       |       |       |     4 |    17 ||    21
  Throw: Boomerang         |     2 |       |       |       |       ||     2
   Cast: Foxfire           |    53 |    98 |   139 |    21 |    16 ||   327
         Sticky Flame      |       |       |     2 |    96 |   188 ||   286
         Scorch            |       |       |       |       |     3 ||     3
  Evoke: Wand              |       |       |       |       |     1 ||     1
    Use: Scroll            |       |     8 |     5 |    14 |     4 ||    31
         Potion            |       |       |     6 |     9 |       ||    15
 Armour: Robe              |     8 |     3 |       |       |       ||    11
         Ring mail         |       |     5 |    10 |       |       ||    15
         Scale mail        |       |       |    68 |    60 |       ||   128
         Skin              |       |       |       |    24 |       ||    24
         Acid dragon scale |       |       |       |    23 |   160 ||   183
         Chain mail        |       |       |       |       |    17 ||    17
  Dodge: Dodged            |    23 |    11 |   149 |   385 |   870 ||  1438

Table legend: (Time is in decaauts)
 A = Elapsed time spent in this place.
 B = Non-inter-level travel time spent in this place.
 C = Inter-level travel time spent in this place.
 D = Time resting spent in this place.
 E = Time spent auto-exploring this place.
 F = Levels seen in this place.
 G = Mean time per level.
                   A        B        C        D        E       F      G
               +--------+--------+--------+--------+--------+-----+--------+
         Total |  32335 |  30039 |   2296 |  10835 |  12368 |  20 | 1616.8 |
       Dungeon |  18174 |  16728 |   1446 |   6351 |   7029 |  13 | 1398.0 |
          Lair |   9942 |   9356 |    586 |   3309 |   3920 |   5 | 1988.4 |
  Orcish Mines |   4218 |   3955 |    263 |   1174 |   1418 |   2 | 2109.0 |
               +--------+--------+--------+--------+--------+-----+--------+

Top non-repeatable levels by time:
    D:10: 3975 daAuts
  Lair:5: 2855 daAuts
   Orc:1: 2758 daAuts
  Lair:4: 2228 daAuts
  Lair:2: 2112 daAuts
     D:8: 1916 daAuts
  Lair:1: 1772 daAuts
     D:9: 1769 daAuts
     D:7: 1731 daAuts
   Orc:2: 1459 daAuts
     D:5: 1337 daAuts
     D:3: 1300 daAuts
     D:6: 1267 daAuts
     D:1: 1119 daAuts
     D:2: 1082 daAuts
